Map: Belladona EE

Players

MrFercho - Winner!

  • Race: Zerg Zerg
  • League: Silver
  • Spawn Location: 5:00

Anthony

  • Race: Protoss Protoss
  • Spawn Location: 11:00

VOD

Have the link to the VOD?

Description

Time

  • Played on: May 20, 2020, 10:45 p.m.
  • Length: 12:52
Show
View Real Time Build Order
Export as new Build Order

MrFercho Zerg - Winner!

Build Orders: Pool First 

Get SALT Encoding   

  12  0:01  Drone  
  13  0:11  Extractor  
  12  0:16  Overlord  
  12  0:31  Drone x2  
  14  0:42  Drone  
  15  0:52  Spawning Pool  
  14  1:03  Extractor  
  13  1:06  Drone x2  
  13  1:07  Drone  
  16  1:29  Drone x2  
  18  1:39  Metabolic Boost  
  18  1:41  Queen  
  18  1:45  Drone  
  21  1:55  Zergling x2  
  22  2:05  Overlord  
  22  2:20  Lair  
  22  2:28  Zergling x4  
  24  2:52  Drone  
  24  2:53  Drone  
  26  3:08  Hatchery  
  22  3:53  Spire  
  21  4:05  Hatchery  
  21  4:09  Hatchery  
  19  4:16  Drone x3  
  22  4:26  Spire  
  21  4:42  Drone  
  21  4:43  Drone x3  
  25  4:46  Drone x3  
  28  5:06  Drone  
  29  5:09  Zerg Flyer Weapons Level 1  
  29  5:16  Queen  
  31  5:28  Drone  
  31  5:29  Drone x4  
  31  5:34  Drone x3  
  39  5:51  Mutalisk x3  
  39  5:52  Mutalisk  
  47  6:11  Extractor  
  48  6:14  Extractor  
  45  6:26  Overlord x2  
  45  6:27  Overlord  
  45  6:36  Mutalisk  
  47  6:44  Mutalisk x2  
  47  6:45  Mutalisk x2  
  55  7:04  Pneumatized Carapace  
  55  7:34  Drone  
  55  7:35  Drone x2  
  58  7:39  Hatchery  
  57  7:53  Mutalisk x6  
  69  8:04  Overseer  
  69  8:11  Burrow  
  69  8:22  Extractor  
  69  8:26  Extractor  
  67  8:31  Drone x3  
  70  8:41  Mutalisk  
  70  8:46  Overlord  
  72  8:49  Overlord x2  
  72  8:50  Overlord x2  
  72  9:24  Mutalisk  
  72  9:25  Mutalisk x6  
  86  9:32  Drone x3  
  86  9:37  Drone  
  86  9:38  Drone x2  
  92  10:16  Mutalisk  
  92  10:17  Mutalisk x7  
  108  10:30  Overseer  
  94  11:44  Mutalisk  
  94  11:45  Mutalisk x9  
Show
View Real Time Build Order
Export as new Build Order

Anthony Protoss 

Build Orders:  

Get SALT Encoding   

  12  0:01  Probe (Chrono Boost)  
  13  0:12  Probe (Chrono Boost)  
  14  0:18  Pylon  
  14  0:20  Probe  
  15  0:36  Probe  
  15  0:37  Gateway  
  16  0:48  Assimilator, Probe  
  17  0:57  Pylon  
  17  1:06  Assimilator  
  17  1:09  Probe (Chrono Boost)  
  19  1:19  Probe (Chrono Boost)  
  19  1:20  Gateway  
  19  1:24  Probe (Chrono Boost)  
  19  1:29  Zealot  
  22  1:35  Probe  
  23  1:46  Pylon  
  23  1:47  Probe  
  24  1:56  Zealot  
  24  2:00  Probe  
  27  2:07  Cybernetics Core  
  27  2:13  Zealot  
  29  2:23  Zealot  
  31  2:38  Probe  
  31  2:40  Zealot  
  34  2:50  Probe  
  35  2:52  Nexus  
  35  2:59  Stalker  
  37  3:07  Stalker  
  39  3:15  Warp Gate  
  39  3:20  Gateway  
  37  3:46  Probe  
  38  3:58  Pylon, Probe  
  38  4:02  Assimilator  
  39  4:10  Probe  
  39  4:11  Twilight Council  
  40  4:22  Assimilator  
  40  4:23  Probe (Chrono Boost)  
  42  4:25  Probe (Chrono Boost)  
  42  4:35  Probe (Chrono Boost)  
  42  4:37  Probe (Chrono Boost)  
  44  4:44  Probe (Chrono Boost)  
  46  4:45  Probe (Chrono Boost)  
  46  4:50  Probe x2 (Chrono Boost)  
  46  4:52  Forge  
  48  4:56  Gateway  
  48  5:03  Pylon  
  48  5:07  Pylon  
  48  5:09  Pylon  
  48  5:10  Probe (Chrono Boost)  
  49  5:23  Probe (Chrono Boost)  
  49  5:24  Probe (Chrono Boost)  
  51  5:31  Probe (Chrono Boost)  
  51  5:32  Photon Cannon, Probe (Chrono Boost)  
  53  5:37  Probe x2 (Chrono Boost)  
  53  5:38  Photon Cannon  
  55  5:44  Blink  
  55  5:48  Probe  
  56  5:58  Pylon  
  56  6:00  Pylon, Probe  
  56  6:03  Photon Cannon  
  57  6:11  Probe  
  58  6:13  Photon Cannon  
  58  6:17  Stalker  
  60  6:20  Stalker  
  60  6:23  Probe  
  60  6:24  Probe  
  64  6:34  Photon Cannon  
  64  6:36  Photon Cannon  
  64  6:39  Stargate  
  64  6:43  Stargate  
  64  6:56  Pylon  
  64  6:58  Pylon  
  64  6:59  Pylon  
  64  7:04  Photon Cannon  
  64  7:06  Photon Cannon  
  64  7:17  Photon Cannon  
  64  7:31  Nexus  
  64  7:32  Pylon  
  64  7:33  Photon Cannon  
  64  7:38  Photon Cannon  
  64  7:42  Photon Cannon  
  64  7:45  Charge  
  64  7:54  Photon Cannon  
  64  7:58  Photon Cannon  
  64  8:00  Photon Cannon  
  64  8:05  Assimilator  
  64  8:07  Assimilator  
  64  8:15  Probe (Chrono Boost)  
  65  8:21  Stalker  
  65  8:22  Stalker  
  65  8:26  Probe (Chrono Boost)  
  70  8:27  Stalker  
  70  8:30  Probe (Chrono Boost)  
  70  8:32  Stalker  
  75  8:41  Probe  
  76  8:50  Stalker  
  76  8:51  Stalker x2  
  76  8:53  Probe  
  83  9:05  Photon Cannon  
  83  9:09  Pylon  
  83  9:13  Pylon  
  83  9:19  Pylon  
  83  9:27  Zealot x3  
  83  9:28  Zealot  
  91  9:35  Forge  
  91  9:39  Forge  
  91  9:47  Probe  
  92  9:55  Probe  
  92  9:59  Probe  
  94  10:02  Pylon  
  94  10:06  Pylon  
  94  10:08  Probe  
  94  10:11  Probe  
  94  10:12  Photon Cannon  
  94  10:13  Pylon  
  96  10:15  Pylon  
  96  10:18  Photon Cannon  
  96  10:19  Pylon  
  96  10:20  Probe  
  97  10:23  Probe  
  98  10:32  Probe  
  99  10:35  Probe  
  99  10:37  Photon Cannon  
  99  10:40  Photon Cannon  
  99  10:42  Photon Cannon  
  100  10:44  Photon Cannon, Probe  
  100  10:49  Photon Cannon  
  101  11:01  Probe (Chrono Boost)  
  102  11:08  Stalker x2  
  102  11:09  Stalker  
  109  11:11  Probe (Chrono Boost)  
  109  11:13  Stalker  
  109  11:16  Probe (Chrono Boost)  
  112  11:28  Probe  
  101  11:44  Stalker x3  
  80  12:18  Photon Cannon  
  80  12:23  Photon Cannon, Pylon  
  80  12:26  Pylon  
Tags
 
League
Silver
Matchup
PvZ
Opening
Pool First
Replay Pack
MrFercho
Spawn Locations
Cross Positions
Add a new tag
Caveats
  • Supply blocks, unpowered buildings, or Contaminate may cause inaccurate times.
  • Supply counts are checked every 10 seconds.